[Event "Titled Tuesday Blitz May 4 2021"]
[White "Nakamura, Hikaru"]
[Black "Kraemer, Martin"]
[WhiteFideId "2016192"]
[BlackFideId "4671910"]
[WhiteElo "2900"]
[BlackElo "2482"]
[Result "1-0"]
[Round "05"]
[TimeControl "180+1"]
[Date "2021.05.04"]
[WhiteClock "0:00:22"]
[BlackClock "0:00:03"]

1. Nf3 d5 2. e3 Nf6 3. b3 e6 4. Bb2 Be7 5. c4 O-O 6. Nc3 dxc4 7. Bxc4 a6 8. d4 b5 9. Bd3 Bb7 10. Qe2 Nbd7 11. Rd1 c5 12. dxc5 Bxc5 13. O-O Qc7 14. e4 Bd6 15. Bxb5 Ne5 16. Nd4 Ng6 17. g3 Bb4 18. Bd3 Rfd8 19. Na4 e5 20. Nc2 Be7 21. f3 h5 22. Ne3 Bc6 23. Nc3 Bc5 24. Kh1 h4 25. Nf5 hxg3 26. hxg3 Bd7 27. Bc4 Bxf5 28. exf5 Ne7 29. g4 Bd4 30. Ne4 Ned5 31. Bxd5 Nxd5 32. Bxd4 exd4 33. Rxd4 Nf4 34. Qd2 Rxd4 35. Qxd4 Qc2 36. Qd2 Qc7 37. Rc1 Qe5 38. Qd6 Qxd6 39. Nxd6 f6 40. Rc8+ Rxc8 41. Nxc8 Nd3 42. Ne7+ Kf7 43. Nd5 Nc1 44. Nc3 Ke7 45. Kg2 Kd6 46. Kf2 Kc5 47. Ke3 Kb4 48. Kd2 Ka3 49. Kxc1 1-0


[Site "https://www.chess.com"]

[Event "Titled Tuesday Blitz May 4 2021"]
[White "Nesterov, Arseniy"]
[Black "Chen, Forest"]
[WhiteFideId "24198455"]
[BlackFideId "30908205"]
[WhiteElo "2441"]
[BlackElo "2505"]
[Result "1-0"]
[Round "05"]
[TimeControl "180+1"]
[Date "2021.05.04"]
[WhiteClock "0:00:08"]
[BlackClock "0:00:09"]

1. d4 d5 2. c4 e6 3. Nf3 Nf6 4. Nc3 Bb4 5. Qb3 c5 6. dxc5 Qa5 7. Bd2 dxc4 8. Qxc4 Qxc5 9. Qxc5 Bxc5 10. Nb5 Na6 11. Rc1 O-O 12. e3 Ne4 13. Bd3 Nxd2 14. Nxd2 Rd8 15. Ke2 Bd7 16. Ne4 Bf8 17. a3 Bc6 18. Nd4 Bd5 19. f3 Rac8 20. Nb5 Ra8 21. Rhd1 Bb3 22. Rd2 h6 23. Nd4 Bd5 24. b4 Nb8 25. Nc3 Nd7 26. Nxd5 exd5 27. Rc7 Rab8 28. Bf5 Ne5 29. Rd1 Bd6 30. Rc2 Nc4 31. Rd3 Re8 32. Nb5 Bxh2 33. Kf2 a6 34. Nc3 Be5 35. Nxd5 Nd6 36. Bh3 b5 37. f4 Ba1 38. Rd1 Ne4+ 39. Kf3 Bf6 40. Bf5 Nd6 41. Nxf6+ gxf6 42. Rxd6 Kg7 43. Rcc6 Re7 44. Rxf6 Rbe8 45. e4 Rd8 46. Rfd6 Rxd6 47. Rxd6 Rc7 48. Rxa6 Rc3+ 49. Kg4 Rb3 50. g3 Rb2 51. e5 Rb3 52. Ra7 h5+ 53. Kh4 Rxg3 54. Kxg3 1-0


[Site "https://www.chess.com"]

[Event "Titled Tuesday Blitz May 4 2021"]
[White "Nosacheva, Mariya"]
[Black "Sawlin, Leonid"]
[WhiteFideId "34111422"]
[BlackFideId "4689542"]
[WhiteElo "2035"]
[BlackElo "2412"]
[Result "1-0"]
[Round "05"]
[TimeControl "180+1"]
[Date "2021.05.04"]
[WhiteClock "0:00:22"]
[BlackClock "0:00:17"]

1. e4 e6 2. d4 d5 3. Nc3 Nf6 4. e5 Nfd7 5. f4 c5 6. Nf3 Nc6 7. Be3 Be7 8. Qd2 O-O 9. O-O-O f5 10. exf6 Bxf6 11. dxc5 Qa5 12. Nd4 Nxc5 13. Kb1 Na4 14. Nxc6 Nxc3+ 15. bxc3 bxc6 16. Bd4 Rb8+ 17. Ka1 Qa3 18. c4 Qb2+ 19. Bxb2 Bxb2+ 20. Kb1 Bc3+ 21. Kc1 Bxd2+ 22. Kxd2 Rxf4 23. cxd5 exd5 24. Bd3 Rf2+ 25. Ke3 Rxg2 26. Rb1 Rb6 27. a4 c5 28. a5 Re6+ 29. Kf3 Rg5 30. Rb8 Re8 31. Rhb1 Rge5 32. Kf4 c4 33. Rxc8 Rxc8 34. Kxe5 cxd3 35. cxd3 Rd8 36. a6 Re8+ 37. Kxd5 Rd8+ 38. Kc6 Rxd3 39. Rb7 Rc3+ 40. Kd6 h5 41. Rxa7 Kh7 42. Rb7 Ra3 43. a7 Kh6 44. Kc7 g5 45. Rb6+ Kg7 46. Kb7 g4 47. Ra6 Rb3+ 48. Kc7 Rc3+ 49. Kd7 Rd3+ 50. Ke7 Re3+ 51. Kd6 Re8 52. a8=Q Rxa8 53. Rxa8 Kf6 54. Rf8+ Kg5 55. Ke5 Kh4 56. Kf4 Kh3 57. Rh8 h4 58. Kg5 g3 59. Rxh4+ Kg2 60. hxg3 Kxg3 61. Rf4 Kh3 62. Rf3+ Kg2 63. Kg4 Kh2 64. Rf2+ Kg1 65. Kg3 Kh1 66. Rf1# 1-0


[Site "https://www.chess.com"]

[Event "Titled Tuesday Blitz May 4 2021"]
[White "Nozdrachev, Leonid"]
[Black "Srisshhhtea"]
[WhiteFideId "24113433"]
[WhiteElo "2246"]
[BlackElo "2387"]
[Result "0-1"]
[Round "05"]
[TimeControl "180+1"]
[Date "2021.05.04"]
[WhiteClock "0:00:02"]
[BlackClock "0:00:01"]

1. e4 e6 2. Nf3 d5 3. e5 c5 4. b4 cxb4 5. a3 Nc6 6. d4 Nge7 7. axb4 Nxb4 8. c3 Nbc6 9. Bd3 Ng6 10. h4 Be7 11. h5 Nh4 12. Nxh4 Bxh4 13. Qg4 g5 14. hxg6 hxg6 15. Bg5 Qxg5 16. Qxg5 Bxg5 17. Rxh8+ Ke7 18. Na3 Rb8 19. Nb5 Bd7 20. Rh7 a6 21. Nd6 Be8 22. g3 Kf8 23. Rh8+ Ke7 24. f4 Bf6 25. Nxe8 Bxh8 26. Nd6 Nd8 27. Ke2 f6 28. Rh1 Bg7 29. Bxg6 fxe5 30. fxe5 Nc6 31. Rh7 Kf8 32. Bf7 Nd8 33. Bg6 b5 34. Rh1 b4 35. Kd3 bxc3 36. Rf1+ Ke7 37. Kxc3 a5 38. Ra1 Nc6 39. Bd3 Nxe5 40. Nf5+ exf5 41. Re1 Kd6 42. dxe5+ Bxe5+ 43. Kc2 Bxg3 44. Ra1 f4 45. Rxa5 f3 46. Ra6+ Ke5 47. Rg6 Bf4 48. Rg7 f2 49. Rf7 Be3 50. Kd1 d4 51. Rf5+ Ke6 52. Ke2 Ra8 53. Rf3 Ra2+ 54. Kf1 Ra1+ 55. Kg2 Rg1+ 56. Kh2 Ke5 57. Be2 Re1 58. Bd3 Rd1 59. Be2 Rd2 60. Bf1 Ke4 61. Kg2 Rd1 62. Rf8 d3 63. Re8+ Kd4 64. Rd8+ Kc3 65. Rc8+ Kd2 66. Rd8 Kc2 67. Rc8+ Kd2 68. Rd8 Kc3 69. Rc8+ Kd4 70. Rd8+ Ke4 71. Re8+ Kf4 72. Rf8+ Kg5 73. Rg8+ Kf6 74. Re8 Bc5 75. Rc8 Bb6 76. Rc6+ Ke5 77. Rxb6 d2 78. Rb5+ Kd4 79. Rb4+ Kd5 80. Rb5+ Kc6 0-1


[Site "https://www.chess.com"]

[Event "Titled Tuesday Blitz May 4 2021"]
[White "Oliveira, Silvio Eduardo"]
[Black "Zaichenko, Daria"]
[WhiteFideId "2111560"]
[BlackFideId "4197453"]
[WhiteElo "2302"]
[BlackElo "2039"]
[Result "1-0"]
[Round "05"]
[TimeControl "180+1"]
[Date "2021.05.04"]
[WhiteClock "0:00:17"]
[BlackClock "0:00:01"]

1. e4 e5 2. Nf3 Nc6 3. Bb5 a6 4. Ba4 Nge7 5. c3 g6 6. d4 exd4 7. cxd4 b5 8. Bc2 Bg7 9. d5 Na5 10. O-O d6 11. Nc3 Nc4 12. h3 O-O 13. a4 Bd7 14. axb5 axb5 15. Rxa8 Qxa8 16. Bd3 b4 17. Bxc4 bxc3 18. bxc3 Bxc3 19. Bg5 Re8 20. Qc2 Bg7 21. Bb3 c5 22. dxc6 Bxc6 23. Re1 Nc8 24. Qc4 Qb7 25. Bf4 Nb6 26. Qb4 Rxe4 27. Rxe4 Bxe4 28. Ng5 d5 29. Be3 d4 30. Bxf7+ Kh8 31. Bxd4 Nd7 32. Qc3 Qb1+ 33. Kh2 Qb8+ 34. g3 Ne5 35. Nxe4 Nf3+ 36. Qxf3 Bxd4 37. Kg2 Qb1 38. Bc4 1-0


[Site "https://www.chess.com"]

[Event "Titled Tuesday Blitz May 4 2021"]
[White "Omariev, Maksim"]
[Black "Kretov, Evgenij"]
[WhiteFideId "4193423"]
[BlackFideId "4167821"]
[WhiteElo "2398"]
[BlackElo "2381"]
[Result "0-1"]
[Round "05"]
[TimeControl "180+1"]
[Date "2021.05.04"]
[WhiteClock "0:00:03"]
[BlackClock "0:00:37"]

1. g4 d5 2. Bg2 c6 3. g5 e5 4. d4 e4 5. c4 Bd6 6. Nc3 Ne7 7. h4 Bg4 8. Qb3 Qd7 9. c5 Bc7 10. Qxb7 O-O 11. Qxa8 Ba5 12. a3 Na6 13. Qxf8+ Kxf8 14. b4 Bd8 15. Bf4 Nf5 16. e3 Nc7 17. Nge2 Ne6 18. Be5 f6 19. gxf6 gxf6 20. Bg3 Nxg3 21. fxg3 Ng7 22. Rf1 Nh5 23. Kf2 Bc7 24. a4 Qf5+ 25. Nf4 Nxf4 26. gxf4 Bxf4 27. exf4 Qxf4+ 28. Kg1 Qe3+ 29. Kh2 Qxc3 30. Rxf6+ Kg7 31. Raf1 Qxd4 32. Rxc6 Qe5+ 33. Kh1 e3 34. Ra6 e2 35. Rxa7+ Kh6 36. Ra6+ Kh5 37. Re1 Qg3 38. Rxe2 Bxe2 39. Rd6 Qxh4+ 40. Kg1 Qe1+ 41. Kh2 Qh4+ 42. Kg1 Qxb4 43. Rxd5+ Kh4 44. c6 Qe1+ 45. Kh2 Bg4 46. Rb5 Qg3+ 47. Kh1 Bf3 48. Bxf3 Qxf3+ 49. Kh2 Qxc6 0-1


[Site "https://www.chess.com"]

[Event "Titled Tuesday Blitz May 4 2021"]
[White "Ozen, Bahadir"]
[Black "Alexeev, Alexey"]
[WhiteFideId "6337058"]
[BlackFideId "14106663"]
[WhiteElo "2503"]
[BlackElo "2185"]
[Result "1-0"]
[Round "05"]
[TimeControl "180+1"]
[Date "2021.05.04"]
[WhiteClock "0:01:10"]
[BlackClock "0:00:16"]

1. g3 d5 2. Nf3 Nf6 3. Bg2 g6 4. O-O Bg7 5. d4 O-O 6. c4 c6 7. cxd5 cxd5 8. Nc3 Nc6 9. Ne5 e6 10. Bf4 Nh5 11. Nxc6 bxc6 12. Be3 f5 13. Qd2 Qd6 14. Bh6 c5 15. Bxg7 Kxg7 16. dxc5 Qxc5 17. Rac1 Qb6 18. Na4 Qd6 19. Nc5 Nf6 20. Rfd1 Ba6 21. Qa5 Bxe2 22. Re1 Qe5 23. Qd2 Ne4 24. Rxe2 Rac8 25. Nxe4 fxe4 26. Ree1 1-0


[Site "https://www.chess.com"]

[Event "Titled Tuesday Blitz May 4 2021"]
[White "Ozkan, Ervin"]
[Black "Zeydan, Salih"]
[WhiteFideId "6306004"]
[BlackFideId "6361722"]
[WhiteElo "2226"]
[BlackElo "1988"]
[Result "1-0"]
[Round "05"]
[TimeControl "180+1"]
[Date "2021.05.04"]
[WhiteClock "0:00:29"]
[BlackClock "0:00:05"]

1. d4 Nf6 2. Nf3 c5 3. c3 g6 4. Bf4 d6 5. e3 Bg7 6. h3 O-O 7. Be2 Nc6 8. Nbd2 cxd4 9. exd4 e5 10. dxe5 dxe5 11. Nxe5 Nxe5 12. Bxe5 Re8 13. Nf3 Qa5 14. Qd4 Rd8 15. Qh4 Nd5 16. Bxg7 Kxg7 17. O-O Nf6 18. Nd4 Qb6 19. Rab1 Bd7 20. Bf3 Re8 21. Qf4 Re7 22. b3 Rc8 23. c4 Re4 24. Bxe4 Qxd4 25. Rfd1 Qxe4 26. Qxe4 Nxe4 27. Rxd7 1-0


[Site "https://www.chess.com"]

[Event "Titled Tuesday Blitz May 4 2021"]
[White "Paiva, Henrique M A Albergaria"]
[Black "Nouri, Alekhine"]
[WhiteFideId "1920995"]
[BlackFideId "5216184"]
[WhiteElo "2055"]
[BlackElo "1894"]
[Result "1-0"]
[Round "05"]
[TimeControl "180+1"]
[Date "2021.05.04"]
[WhiteClock "0:00:04"]
[BlackClock "0:00:12"]

1. e4 c5 2. Nf3 d6 3. Nc3 Nf6 4. d4 cxd4 5. Nxd4 a6 6. Be3 e5 7. Nb3 Be6 8. Be2 h5 9. Bf3 Nbd7 10. Nd5 Bxd5 11. exd5 Be7 12. c4 Rc8 13. Rc1 e4 14. Be2 Ne5 15. O-O Nfg4 16. Bf4 Bg5 17. Qd2 Bf6 18. c5 g5 19. Bg3 h4 20. Bxe5 Nxe5 21. cxd6 O-O 22. Nc5 Rxc5 23. Rxc5 Qxd6 24. Rfc1 Ng6 25. Qe3 Nf4 26. Qxe4 Bxb2 27. R1c2 f5 28. Qe3 Be5 29. g3 Nh3+ 30. Kg2 g4 31. Qd2 hxg3 32. hxg3 Rd8 33. Rc8 Kf7 34. R2c7+ Kg6 35. Rxd8 Qxd8 36. Rxb7 Ng5 37. d6 Ne4 38. Qd5 Qxd6 39. Qf7+ Kg5 40. Qg8+ Kh5 41. Rh7+ 1-0


[Site "https://www.chess.com"]

[Event "Titled Tuesday Blitz May 4 2021"]
[White "Pajeken, Jakob Leon"]
[Black "Winslow, Elliott"]
[WhiteFideId "12942839"]
[BlackFideId "2002523"]
[WhiteElo "2024"]
[BlackElo "2236"]
[Result "1-0"]
[Round "05"]
[TimeControl "180+1"]
[Date "2021.05.04"]
[WhiteClock "0:00:53"]
[BlackClock "0:01:22"]

1. e4 c5 2. Nf3 d6 3. d4 cxd4 4. Nxd4 Nf6 5. Nc3 g6 6. Be3 Bg7 7. f3 Nc6 8. Qd2 O-O 9. g4 e6 10. O-O-O d5 11. exd5 Nxd5 12. Nxd5 exd5 13. Nxc6 bxc6 14. Bd4 Bxd4 15. Qxd4 Qb6 16. Be2 Rb8 17. Rhe1 c5 18. Qc3 Be6 19. Qa3 d4 20. f4 Qc7 21. f5 Qf4+ 22. Kb1 gxf5 23. Rf1 Qe5 24. Rde1 f4 25. Bc4 Qd6 26. Qd3 Bxc4 27. Qxc4 Rb4 28. Qd3 c4 29. Qf5 Rfb8 30. b3 d3 31. Rxf4 dxc2+ 32. Kb2 Rxb3+ 33. axb3 Rxb3+ 34. Kxc2 Qb4 35. Re8+ 1-0


[Site "https://www.chess.com"]

[Event "Titled Tuesday Blitz May 4 2021"]
[White "Palchuk, Andrii"]
[Black "Jumabayev, Rinat"]
[WhiteFideId "14176688"]
[BlackFideId "13702661"]
[WhiteElo "2184"]
[BlackElo "2535"]
[Result "0-1"]
[Round "05"]
[TimeControl "180+1"]
[Date "2021.05.04"]
[WhiteClock "0:00:04"]
[BlackClock "0:00:13"]

1. d4 Nf6 2. c4 e6 3. Nf3 Bb4+ 4. Nbd2 O-O 5. g3 d5 6. Bg2 dxc4 7. O-O b5 8. Ne5 Nd5 9. a3 Ba5 10. Ne4 Bb6 11. e3 a5 12. b3 cxb3 13. Qxb3 a4 14. Qb2 f6 15. Nf3 Qe8 16. Bd2 Nc6 17. Rfc1 Na5 18. Bxa5 Rxa5 19. Nfd2 Kh8 20. Nc5 Qe7 21. Rab1 Qf7 22. Qc2 Rd8 23. Nde4 h6 24. h4 e5 25. dxe5 fxe5 26. Nd3 Qe7 27. Qb2 Nxe3 28. Nxe5 Bf5 29. Nc6 Qe8 30. Nxd8 Nxg2 31. Qe5 Qxe5 32. Nf7+ Kg8 33. Nxe5 Bxe4 34. Rb4 Bb7 35. Nc6 Bxc6 36. Rxc6 Ne1 37. Re4 Nd3 38. Re7 Ra7 39. Rxb6 Kf8 40. Rd7 cxb6 41. Rxa7 Ne5 42. Ra8+ Ke7 43. Rg8 Kf7 44. Rb8 Nc4 45. Rb7+ Kf6 46. Kg2 g6 47. Kf3 Kf5 48. g4+ Ke5 49. Kg3 Kd4 50. f4 Nxa3 51. f5 gxf5 52. gxf5 Nc4 53. f6 Ne5 54. f7 Nxf7 55. Rxf7 a3 56. Ra7 b4 57. Kg4 Kc3 58. Kh5 Kb2 59. Kxh6 a2 60. Kg5 a1=Q 61. Rxa1 Kxa1 62. h5 b3 63. h6 b2 64. h7 b1=Q 65. h8=Q+ Qb2 66. Qb8 Qd4 67. Kf5 Kb2 68. Qa7 Kb3 69. Ke6 Kb4 70. Kf5 Qc5+ 71. Kf4 b5 72. Qa6 Qd4+ 73. Kf3 Qd3+ 74. Kf4 Kb3 75. Qe6+ Qc4+ 76. Qxc4+ Kxc4 0-1


[Site "https://www.chess.com"]

[Event "Titled Tuesday Blitz May 4 2021"]
[White "Papasimakopoulos, Alexandros"]
[Black "Abdusattorov, Nodirbek"]
[WhiteFideId "4244125"]
[BlackFideId "14204118"]
[WhiteElo "2352"]
[BlackElo "2662"]
[Result "0-1"]
[Round "05"]
[TimeControl "180+1"]
[Date "2021.05.04"]
[WhiteClock "0:00:38"]
[BlackClock "0:00:35"]

1. d4 Nf6 2. c4 c5 3. d5 g6 4. Nc3 Bg7 5. e4 d6 6. h3 O-O 7. Nf3 e5 8. dxe6 Bxe6 9. Be2 Nc6 10. O-O Qe7 11. Re1 Rad8 12. Bg5 h6 13. Be3 Nd7 14. Qd2 Kh7 15. Nd5 Bxd5 16. cxd5 Nce5 17. Nh2 f5 18. f4 Nf7 19. exf5 gxf5 20. Bd3 Qf6 21. Rab1 Kh8 22. Qc2 Nb6 23. Bxf5 Nxd5 24. Ng4 Nxe3 25. Nxe3 d5 26. Kh1 Nd6 27. g4 d4 28. Nd5 Qh4 29. Qg2 Nxf5 30. gxf5 Rxd5 31. Qxd5 Qxh3+ 32. Kg1 d3 33. Qxc5 Rg8 34. Kf2 Bf6 35. Qe5 Rg2+ 36. Kf1 Bxe5 37. fxe5 d2 38. Red1 Rh2+ 39. Kg1 Qg3+ 40. Kf1 Qxe5 41. b4 Qxf5+ 42. Kg1 Re2 43. a4 h5 44. b5 h4 45. b6 a6 46. Rb5 axb5 47. a5 h3 48. a6 bxa6 49. b7 Qg4+ 50. Kh1 Qf3+ 51. Kg1 Qxb7 52. Ra1 b4 53. Ra5 h2+ 54. Kf1 Re1+ 55. Kf2 h1=Q 56. Rh5+ Qxh5 57. Kg3 d1=Q 58. Kf4 b3 59. Kg3 b2 60. Kf4 b1=Q 61. Kg3 a5 62. Kf4 a4 63. Kg3 a3 64. Kf4 a2 65. Kg3 a1=Q 66. Kf4 Qaa8 67. Kg3 Qbc2 68. Kf4 Qcc8 69. Kg3 Re8 70. Kf4 Qdd8 71. Kg3 Qbb8+ 72. Kf2 Qf7+ 73. Kg1 Rg8# 0-1


[Site "https://www.chess.com"]

[Event "Titled Tuesday Blitz May 4 2021"]
[White "PattyCastillo"]
[Black "Lonoff, Marc"]
[BlackFideId "2001349"]
[WhiteElo "2022"]
[BlackElo "2209"]
[Result "1-0"]
[Round "05"]
[TimeControl "180+1"]
[Date "2021.05.04"]
[WhiteClock "0:00:33"]
[BlackClock "0:00:01"]

1. d4 e6 2. Nf3 f5 3. e3 Nf6 4. Bd3 b6 5. b3 Bb7 6. Bb2 Bd6 7. Nbd2 O-O 8. O-O Qe8 9. Ne5 Bxe5 10. dxe5 Qg6 11. f3 Nd5 12. Qe2 Nc6 13. a3 Qh6 14. Rae1 f4 15. exf4 Nxf4 16. Qe3 g5 17. Ne4 Ne7 18. Nf6+ Rxf6 19. exf6 Ned5 20. f7+ Kxf7 21. Qe4 Nxd3 22. Qxd3 d6 23. Bc1 Nf4 24. Bxf4 gxf4 25. Re2 Rg8 26. Rfe1 Rg6 27. c4 e5 28. b4 Qg5 29. c5 bxc5 30. bxc5 Qe7 31. cxd6 cxd6 32. Qb3+ Kg7 33. Rb1 Bc6 34. Qc3 Qd7 35. Rc2 Ba4 36. Qc7 1-0


[Site "https://www.chess.com"]

[Event "Titled Tuesday Blitz May 4 2021"]
[White "Perez Gormaz, Matias"]
[Black "Navalgund, Niranjan"]
[WhiteFideId "3406342"]
[BlackFideId "5030854"]
[WhiteElo "2414"]
[BlackElo "2290"]
[Result "1-0"]
[Round "05"]
[TimeControl "180+1"]
[Date "2021.05.04"]
[WhiteClock "0:00:09"]
[BlackClock "0:00:10"]

1. e4 e5 2. Nf3 Nc6 3. Bc4 Nf6 4. d3 h6 5. O-O d6 6. c3 g5 7. a4 a5 8. Nbd2 Ne7 9. Qb3 Bg7 10. Bxf7+ Kf8 11. d4 Nc6 12. Bg6 Qe7 13. dxe5 Nxe5 14. Nxe5 dxe5 15. Nc4 c6 16. Nb6 Be6 17. Qc2 Rd8 18. Bf5 Kf7 19. b3 Bxf5 20. exf5 Rhe8 21. Re1 Kg8 22. Nc4 Qc7 23. Be3 Nd5 24. Bd2 b5 25. Ne3 Nf4 26. Ng4 h5 27. Bxf4 exf4 28. f6 hxg4 29. fxg7 Qxg7 30. axb5 cxb5 31. Qf5 Rxe1+ 32. Rxe1 b4 33. cxb4 axb4 34. Qe6+ Kh7 35. Qxg4 Rd6 36. h4 Rg6 37. Qf5 gxh4 38. Re6 Kh6 39. Qxf4+ Kh5 40. Re5+ Rg5 41. Rxg5+ Qxg5 42. Qxg5+ Kxg5 43. Kh2 Kg4 44. g3 hxg3+ 45. fxg3 Kf3 46. Kh3 Ke4 47. g4 Kd4 48. g5 Kc3 49. g6 Kxb3 50. g7 Kc2 51. g8=Q b3 52. Qc4+ Kb2 53. Kg3 Ka1 54. Qc3+ b2 55. Qa3+ Kb1 56. Kf3 Kc2 57. Qa4+ Kc3 58. Qc6+ Kd2 59. Qd5+ Kc2 60. Qc4+ Kd2 61. Qd4+ Kc2 62. Qc4+ Kd2 63. Qb3 Kc1 64. Qc3+ Kb1 65. Ke2 Ka2 66. Qc4+ Ka3 67. Qc2 Ka2 68. Qa4+ Kb1 69. Kd3 Kc1 70. Qc2# 1-0


[Site "https://www.chess.com"]

[Event "Titled Tuesday Blitz May 4 2021"]
[White "Perez, Maximiliano"]
[Black "Lauridsen, Jesper Morch"]
[WhiteFideId "117234"]
[BlackFideId "1401890"]
[WhiteElo "2368"]
[BlackElo "2280"]
[Result "0-1"]
[Round "05"]
[TimeControl "180+1"]
[Date "2021.05.04"]
[WhiteClock "0:00:01"]
[BlackClock "0:00:04"]

1. e4 e5 2. Nf3 Nf6 3. Nxe5 d6 4. Nf3 Nxe4 5. d4 d5 6. Bd3 Bd6 7. O-O O-O 8. c4 c6 9. Nc3 Nxc3 10. bxc3 dxc4 11. Bxc4 Bf5 12. a4 Nd7 13. Re1 Qc7 14. Bg5 Rae8 15. Rxe8 Rxe8 16. Qb3 Nb6 17. Bf1 Be4 18. a5 Nd5 19. c4 Nf4 20. c5 Be7 21. Bc4 Bxf3 22. Bxf7+ Kf8 23. Bxf4 Qxf4 24. Bxe8 Bd5 25. Qxb7 Qg4 26. f3 Qxd4+ 27. Kf1 Bc4+ 28. Ke1 Qxa1+ 29. Kf2 Bxc5+ 30. Kg3 Qe5+ 31. Kh3 Be6+ 32. g4 Kxe8 33. Qxc6+ Kf7 34. Qb7+ Kg6 35. Qb1+ Kf6 36. Qc1 Bd6 37. Qd2 g5 38. Qc2 Bd5 39. f4 Qxf4 40. Qc3+ Qe5 41. Qd2 Qxh2+ 0-1


[Site "https://www.chess.com"]

[Event "Titled Tuesday Blitz May 4 2021"]
[White "Perske, Thore"]
[Black "Sirosh, Ilja"]
[WhiteFideId "12902195"]
[BlackFideId "4500458"]
[WhiteElo "2315"]
[BlackElo "2241"]
[Result "0-1"]
[Round "05"]
[TimeControl "180+1"]
[Date "2021.05.04"]
[WhiteClock "0:00:04"]
[BlackClock "0:00:27"]

1. e4 c5 2. Nf3 d6 3. g3 Nc6 4. Bg2 Nf6 5. d3 g6 6. O-O Bg7 7. Nc3 O-O 8. h3 Nd7 9. Be3 Nd4 10. Nh4 Rb8 11. a4 a6 12. Qd2 b5 13. axb5 axb5 14. f4 b4 15. Nd1 Bb7 16. Rf2 f5 17. exf5 Bxg2 18. Rxg2 gxf5 19. g4 e5 20. g5 exf4 21. Bxf4 Ne5 22. Rg3 Ng6 23. Nxg6 hxg6 24. Ne3 Ra8 25. Re1 Ra2 26. Nd1 Re8 27. Rge3 Rxe3 28. Rxe3 Qa8 29. Kf2 Qh1 30. Bxd6 Ra1 31. Re8+ Kh7 32. Re1 Qxh3 33. c3 Nf3 34. Qf4 Nxe1 35. Kxe1 Qxd3 36. Be5 Rxd1+ 0-1


[Site "https://www.chess.com"]

[Event "Titled Tuesday Blitz May 4 2021"]
[White "Petrova, Irina"]
[Black "Zemerov, Vladimir"]
[WhiteFideId "14124122"]
[BlackFideId "4111583"]
[WhiteElo "2022"]
[BlackElo "2277"]
[Result "1-0"]
[Round "05"]
[TimeControl "180+1"]
[Date "2021.05.04"]
[WhiteClock "0:00:17"]
[BlackClock "0:01:18"]

1. e4 d5 2. d3 dxe4 3. dxe4 Qxd1+ 4. Kxd1 e5 5. Bc4 Nf6 6. f3 Bc5 7. Ne2 Ke7 8. c3 Be6 9. Nd2 Rd8 10. Kc2 c6 11. Bxe6 Kxe6 12. Nc4 Nbd7 13. Be3 Bxe3 14. Nxe3 g6 15. Rad1 Nb6 16. Nc1 Rxd1 17. Rxd1 Nfd7 18. Nb3 a5 19. Nd2 f5 20. Ndc4 Nxc4 21. Nxc4 Ra6 22. exf5+ gxf5 23. Rd6+ Ke7 24. Rh6 b5 25. Rxh7+ Ke6 26. Rh6+ Ke7 27. Ne3 f4 28. Nf5+ Kf7 29. h4 Nf6 30. h5 b4 31. Rh8 bxc3 32. bxc3 Rb6 33. h6 Kg6 34. Ne7+ Kf7 35. h7 Kg7 36. Rc8 Nxh7 37. Rxc6 Rb7 38. Nf5+ Kf7 39. Nd6+ Ke7 40. Nxb7 Kd7 41. Rc5 Nf6 42. Rxe5 Kc7 43. Nxa5 Kd6 44. Rf5 Nd7 45. Nc4+ Ke6 46. Rh5 Kf6 47. Rh6+ Kg7 48. Rh4 Ne5 49. Rxf4 Nc6 50. a4 Na7 51. a5 Nc8 52. a6 Na7 53. Na5 Nb5 54. Nc6 Kg6 55. a7 Nxa7 56. Nxa7 Kg5 57. Rf8 Kg6 58. c4 Kg7 59. Rf4 Kg6 60. g3 Kg5 61. c5 Kg6 62. c6 Kg7 63. c7 Kg8 64. c8=Q+ Kg7 65. Qf8+ Kg6 66. Qf7+ Kg5 67. Rg4+ Kh6 68. Qg6# 1-0


[Site "https://www.chess.com"]

[Event "Titled Tuesday Blitz May 4 2021"]
[White "Pichot, Alan"]
[Black "Chasin, Nico"]
[WhiteFideId "110973"]
[BlackFideId "30908477"]
[WhiteElo "2622"]
[BlackElo "2135"]
[Result "1/2-1/2"]
[Round "05"]
[TimeControl "180+1"]
[Date "2021.05.04"]
[WhiteClock "0:00:05"]
[BlackClock "0:00:13"]

1. e4 c5 2. Nf3 e6 3. d4 cxd4 4. Nxd4 Nc6 5. Nxc6 bxc6 6. Bd3 e5 7. O-O Nf6 8. Be3 Be7 9. h3 O-O 10. c4 d5 11. exd5 cxd5 12. cxd5 Qxd5 13. Nc3 Qe6 14. Qf3 Rb8 15. Bxa7 Rxb2 16. Ne4 Bb7 17. Nxf6+ Bxf6 18. Qf5 Qxf5 19. Bxf5 Ra8 20. Be3 Raxa2 21. Rxa2 Rxa2 22. Rb1 g6 23. Bxg6 hxg6 24. Rxb7 Ra1+ 25. Kh2 e4 26. Rb4 Be5+ 27. g3 f5 28. Rb5 Bc3 29. Rc5 Bb2 30. Rc6 Kf7 31. Rc7+ Kg8 32. Rb7 Be5 33. h4 Ra8 34. Kh3 Rf8 35. Rb5 Bf6 36. h5 Kg7 37. Rb7+ Rf7 38. Bh6+ Kg8 39. Rb8+ Kh7 40. hxg6+ Kxg6 41. Bf4 Rh7+ 42. Kg2 Rf7 43. Rb6 Kg7 44. Kf1 Rd7 45. Kg2 Re7 46. Rb5 1/2-1/2


[Site "https://www.chess.com"]

[Event "Titled Tuesday Blitz May 4 2021"]
[White "Pile, Richard"]
[Black "Visakh N R"]
[WhiteFideId "624110"]
[BlackFideId "25012223"]
[WhiteElo "2376"]
[BlackElo "2428"]
[Result "0-1"]
[Round "05"]
[TimeControl "180+1"]
[Date "2021.05.04"]
[WhiteClock "0:00:10"]
[BlackClock "0:00:16"]

1. e4 c5 2. Nf3 Nc6 3. Bb5 d6 4. c3 Bd7 5. d4 a6 6. Bxc6 Bxc6 7. O-O Bxe4 8. Re1 Bd5 9. Bg5 h6 10. Bh4 g5 11. Bg3 Nf6 12. Nbd2 Bg7 13. dxc5 dxc5 14. Ne5 O-O 15. h4 Be6 16. hxg5 hxg5 17. Qc2 Nh5 18. Ndf3 Nxg3 19. fxg3 Bf6 20. Rad1 Qc7 21. Qc1 g4 22. Ng5 Bxe5 23. Nxe6 fxe6 24. Rd7 Qxd7 25. Rxe5 Rf5 0-1


[Site "https://www.chess.com"]

[Event "Titled Tuesday Blitz May 4 2021"]
[White "Pinto, Daniel"]
[Black "Ceres, Dragos"]
[WhiteFideId "3303144"]
[BlackFideId "13905864"]
[WhiteElo "1936"]
[BlackElo "2118"]
[Result "1-0"]
[Round "05"]
[TimeControl "180+1"]
[Date "2021.05.04"]
[WhiteClock "0:00:04"]
[BlackClock "0:00:27"]

1. e4 e5 2. Nf3 Nc6 3. d4 exd4 4. Nxd4 Nf6 5. Nxc6 bxc6 6. e5 Qe7 7. Qe2 Nd5 8. c4 Ba6 9. Nd2 g6 10. Nf3 Nb6 11. b3 Bg7 12. Bg5 Qe6 13. O-O-O O-O 14. Bf4 Qe7 15. Qd2 Qa3+ 16. Qb2 Qxb2+ 17. Kxb2 d5 18. c5 Bxf1 19. Rhxf1 Nd7 20. Rc1 h6 21. h4 Rfe8 22. Rfe1 Bf8 23. Nd4 Nxc5 24. Re3 Ne6 25. Nxe6 Rxe6 26. g4 c5 27. Rd3 d4 28. Bg3 g5 29. hxg5 hxg5 30. f4 gxf4 31. Bxf4 Bg7 32. Rxc5 Rd8 33. Kc2 Rd7 34. a4 a6 35. g5 Kf8 36. b4 Ke7 37. Kb3 Ke8 38. a5 Bf8 39. Rc4 Bg7 40. Rc5 c6 41. Rc4 Bxe5 42. Bxe5 Rxe5 43. Rxc6 Re3 44. Kc4 Re1 45. Rxa6 Rc7+ 46. Kxd4 Rd7+ 47. Kc3 Rc7+ 48. Kd2 Rec1 49. Rb6 R1c2+ 50. Kd1 Rc1+ 51. Ke2 Re7+ 52. Re3 Rc2+ 53. Kd3 Rc3+ 54. Kxc3 Rxe3+ 55. Kd4 Rh3 56. a6 1-0


[Site "https://www.chess.com"]

[Event "Titled Tuesday Blitz May 4 2021"]
[White "Plotnikov, Pavel"]
[Black "Shvedova, Alexandra"]
[WhiteFideId "4170342"]
[BlackFideId "54154782"]
[WhiteElo "2298"]
[BlackElo "1887"]
[Result "1/2-1/2"]
[Round "05"]
[TimeControl "180+1"]
[Date "2021.05.04"]
[WhiteClock "0:00:50"]
[BlackClock "0:00:42"]

1. e4 e5 2. Nf3 Nc6 3. Bc4 Bc5 4. O-O Nf6 5. d3 d6 6. c3 Bb6 7. Nbd2 Ne7 8. Bb3 c6 9. Re1 Ng6 10. Nf1 O-O 11. Ng3 h6 12. d4 Bg4 13. Be3 d5 14. Bc2 dxe4 15. Nxe4 Nd5 16. h3 Nxe3 17. fxe3 Be6 18. Ng3 exd4 19. exd4 Bd5 20. Ne5 Nxe5 21. Rxe5 Qd6 22. Nf5 Qxe5 23. Qg4 Qf6 24. Rf1 Be6 25. Rf3 Bxf5 26. Bxf5 Rae8 27. Bh7+ Kxh7 28. Rxf6 gxf6 29. Qf5+ Kg7 30. Qg4+ Kh8 31. Qf4 Kg7 32. Qg4+ Kh8 33. Qf4 Kg7 34. Qg4+ 1/2-1/2


[Site "https://www.chess.com"]